Workbook

Sheet Service
A1: 01.01.2009 | B1: 1
A2: 28.02.2009
A3: DOCUMENTS_72N127
A4: ALTA_COMPUTERS\SQLEXPRESS
A5: budget_2009
A6: admin
A7: 1656756
A8: C_/
A9: Name, Code, cBKexp, SUMMA_1_1, SUMMA_1_2, SUMMA_1_3, SUMMA_1_4, SUMMA_1_5, SUMMA_1_6, SUMMA_2_1, SUMMA_2_2, SUMMA_2_3, SUMMA_2_4, SUMMA_2_5, SUMMA_2_6, SUMMA_2_7, SUMMA_2_8, SUMMA_3_1, SUMMA_3_2, SUMMA_3_3, SUMMA_3_4, SUMMA_3_5, SUMMA_3_6, Razdel, BAR, G
A10: varchar(254), varchar(3), varchar(40), money, money, money, money, money, money, money, money, money, money, money, money, money, money, money, money, money, money, money, money, int, int, int, int
A11: 3
A12: CODE varchar(3), cxDEP varchar(20), cxINC varchar(20), cxDIV varchar(20), cxTGT varchar(20), cxEXP varchar(20), cxITEM varchar(20), CBKexp varchar(40), SUMMA_1_1 money, SUMMA_1_2 money, SUMMA_1_3 money, SUMMA_1_4 money, SUMMA_1_5 money, SUMMA_1_6 money,
A13: 1,2,3,9,10,11,12,13,14|1,2,4,5,6,7,15,16,17,18,19,20,21,22|1,2,3,23,24,25,26,27,28
A14: 1. Доходы бюджета (1)|2. Расходы бюджета (1)|3. Источники финансирования (1)
A15: EXECUTE A_EXEC ' EXECUTE VJ_REPORT_SVOD_SAVE ''##simply6'', '' DIVISION, DEPARTMENT, TARGET_ITEM, EXPEND, ITEM, ADD_BK, INCOME, SOURCE, RAZDEL, GRAFA, SUMMA, ORDERS, CODE, Name'','' pDiv, pDep, pTgt, pExp, pItem, pAdd_BK, pIncome, pSource, RAZDEL, GRAFA,
A16: EXECUTE A_EXEC ' EXECUTE V_TRANSFORM_TAB ''##simply6'', 0, ''6|8|6'' '
A17: EXECUTE A_EXEC 'UPDATE ##simply6 SET cxDEP = ''000'' WHERE cxDEP = ''***'' UPDATE ##simply6 SET cBKexp = left(rtrim(isNull(cxDEP,''''))+rtrim(isNull(cxINC,''''))+rtrim(isNull(cxDIV,''''))+rtrim(isNull(cxTGT,''''))+rtrim(isNull(cxEXP,''''))+rtrim(isNull(cx
A20: 6

Sheet 1. Доходы бюджета (1)
A2: ОТЧЕТ ОБ ИСПОЛНЕНИИ БЮДЖЕТА | J2: КОДЫ
A3: ГЛАВНОГО РАСПОРЯДИТЕЛЯ, РАСПОРЯДИТЕЛЯ, ПОЛУЧАТЕЛЯ БЮДЖЕТНЫХ СРЕДСТВ, ГЛАВНОГО АДМИНИСТРАТОРА, АДМИНИСТРАТОРА ИСТОЧНИКОВ ФИНАНСИРОВАНИЯ ДЕФИЦИТА БЮДЖЕТА, ГЛАВНОГО АДМИНИСТРАТОРА, АДМИНИСТРАТОРА ДОХОДОВ БЮДЖЕТА | I3: Форма по ОКУД | J3: 0503127
A4: 01.07.2022г. | I4: Дата
A5: Главный распорядитель, распорядитель, получатель бюджетных средств, главный администратор, администратор доходов бюджета, главный администратор, администратор источников финансирования дефицита бюджета: | I5: по ОКПО
A6: Сельская администрация муниципального образования "Мирнинское сельское поселение" | I6: Глава по БК
A7: Наименование бюджета: Бюджет Мирнинского сельского поселения | I7: по ОКАТО
A8: Периодичность: месячная
A9: Единица измерения: руб. | I9: по ОКЕИ | J9: 383
A11: 1. ДОХОДЫ БЮДЖЕТА
A13: Наименование показателя | B13: Код строки | C13: Код дохода по бюджетной классификации | E13: Утверждённые бюджетные назначения | F13: Исполнено | J13: Неисполненные назначения
F14: через финансовые органы | G14: через банковские счета | H14: некассовые операции | I14: итого
A15: 1 | B15: 2 | C15: 3 | E15: 4 | F15: 5 | G15: 6 | H15: 7 | I15: 8 | J15: 9
A16: Доходы бюджета - всего | B16: 010 | C16: 000 | D16: 00000000000000000 | E16: =E17+E58 -> 4163844.7 | F16: =F17+F58 -> 1284053.1 | G16: =G17+G58 -> 79849.46 | H16: =H17+H58 -> 79849.46 | I16: =I17+I58 -> 1284053.1 | J16: =E16-F16 -> 2879791.7
A17: Собственные доходы | E17: =E18+E33+E36+E47+E49+E55 -> 1388000 | F17: =F18+F24+F36+F47+F49+F34+F35+F57+F27+F53 -> 454967.31 | G17: =G18+G24+G36+G47+G49+G34+G35+G57+G27+G53 -> 79849.46 | H17: =H18+H24+H36+H47+H49+H34+H35+H57+H27+H53 -> 79849.46 | I17: =I18+I24+I36+I47+I49+I34+I35+I57+I27+I53 -> 454967.31 | J17: =E17-F17 -> 933032.69
A18: Налог на доходы физических лиц | B18: 010 | C18: 182 | D18: 10102000010000110 | E18: =E19+E22+E21 -> 39000 | F18: =F19+F22+F21 -> 25414.09 | G18: =G19+G20+G21+G22 -> 77297.66 | H18: =H19+H20+H21+H22 -> 77297.66 | I18: =I19+I20+I21+I22+I26+I25 -> 25414.09 | J18: =E18-F18 -> 13585.91
A19: Налог на доходы физических лиц с доходов, источником которых является налоговый агент, за исключением доходов, в отношении которых исчисление и уплата налога осуществляются в соответствии со статьями 227, 2271 и 228 Налогового кодекса Российской Федерации | B19: 010 | C19: 182 | D19: 10102010010000110 | E19: 39000 | F19: 25413.91 | G19: 77297.66 | H19: 77297.66 | I19: =F19 -> 25413.91 | J19: =E19-F19 -> 13586.09
A20: Налог на доходы физических лиц с доходов, облагаемых по налоговой ставке, установленной пунктом 1 статьи 224 Налогового кодекса Российской Федерации, за исключением доходов, полученных физическими лиц | B20: 010 | C20: 182 | D20: 10102021012000110 | E20: 0 | F20: 0 | I20: 0 | J20: =E20-F20 -> 0
A21: Налог на доходы физических лиц с доходов, от осуществления деятельности физическими лицами, зарегестрированными в качестве индивидуальных предпринемателей, нотариусов, занимающихся частнойпрактикой, адвакатов, учредивших адвакатские кабинеты и других лиц, занимающихся частной практикой в соответствии со статьёй 227 Налогового кодекса Российской Федерации | B21: 010 | C21: 182 | D21: 10102020010000110 | E21: 0 | I21: =F21 -> 0 | J21: =E21-F21 -> 0
A22: НДФЛ с доходов,полученных в соответствии со статьёй 228 Налогового кодекса РФ | B22: 010 | C22: 182 | D22: 10102030010000110 | E22: 0 | F22: 0.18 | I22: =F22 -> 0.18 | J22: =E22-F22 -> -0.18
A23: Налог на доходы физических лиц с доходов, полученных физическими лицами, являющимися иностранными гражданами, осуществляющими трудовую деятельность по найму у физических лиц на основании патента | B23: 010 | C23: 182 | D23: 10102070014000110 | E23: 0 | F23: 0 | I23: =F23 -> 0 | J23: =E23-F23 -> 0
A24: Единый сельскохозяйственный налог | B24: 010 | C24: 182 10503000010000110 | F24: 0 | G24: 2551.8 | H24: 2551.8 | I24: =F24 -> 0 | J24: =E24-F24 -> 0
B25: 010 | C25: 182 | D25: 10102010012000110 | I25: =F25 -> 0 | J25: =E25-F25 -> 0
A26: Налог на доходы физических лиц с доходов,полученных физическими лицами в соответствии со статьей 228 Налогового кодекса Российской Федерации | B26: 010 | C26: 182 | D26: 10102030010000110 | I26: =F26 -> 0 | J26: =E26-F26 -> 0
A27: Налоги на товары (работы,услуги), реализуемые на территории Российской Федерации | B27: 010 | C27: 182 | D27: 10300000000000000 | E27: =E28 -> 0 | F27: =F28 -> 0 | G27: =G28 -> 0 | H27: =H28 -> 0 | I27: =I28 -> 0 | J27: =J28 -> 0
A28: Акцизы по подакцизным товарам (продукции), производимым на территории Российской Федерации | B28: 010 | C28: 182 | D28: 10302000010000110 | E28: =E29+E30+E31+E32 -> 0 | F28: =F29+F30+F31+F32 -> 0 | G28: =G29+G30+G31+G32 -> 0 | H28: =H29+H30+H31+H32 -> 0 | I28: =I29+I30+I31+I32 -> 0 | J28: =J29+J30+J31+J32 -> 0
A29: Доходы от уплаты акцизов на дизельное топливо,подлежащее распределению между бюджетами субъектов Российской Федерации и местными бюджетами с учетом установленных дифференцированных нормативов отчислений в местные бюджеты | B29: 010 | C29: 182 | D29: 10302230010000110 | I29: =F29 -> 0 | J29: =E29-F29 -> 0
A30: Доходы от уплаты акцизов на моторные масла для дизельных и (или) карбюраторных (инжекторных) двигателей,подлежащие распределению между бюджетами субъектов Российской Федерации и местными бюджетами с учетом установленных дифференцированных нормативов отчислений в местные бюджеты | B30: 010 | C30: 182 | D30: 10302240010000110 | I30: =F30 -> 0 | J30: =E30-F30 -> 0
A31: Доходы от уплаты акцизов на автомобильный бензин, подлежащие распределению между бюджетами субъектов Российской Федерации и местными бюджетами с учетом установленных дифференцированных нормативов отчислений в местные бюджеты | B31: 010 | C31: 182 | D31: 10302250010000110 | I31: =F31 -> 0 | J31: =E31-F31 -> 0
A32: Доходы от уплаты акцизов на прямогонный бензин,подлежащие распределению между бюджетами субъектов Российской Федерации и местными бюджетами с учетом установленных дифференцированных нормативов отчислений в местные бюджеты | B32: 010 | C32: 182 | D32: 10302260010000110 | E32: 0 | I32: =F32 -> 0 | J32: =E32-F32 -> 0
A33: Единый сельскохозяйственный налог | B33: 010 | C33: 182 | D33: 10503000010000110 | E33: =E34+E35 -> 3000 | F33: =F34+F35 -> 8152.8 | I33: =I34+I35 -> 8152.8 | J33: =J34+J35 -> -5152.8
A34: Единый сельскохозяйственный налог | B34: 010 | C34: 182 | D34: 10503010011000110 | E34: 3000 | F34: 8152.8 | I34: =F34 -> 8152.8 | J34: =E34-F34 -> -5152.8
A35: Единый сельскохозяйственный налог ( за налоговые периоды, истекшие до 1 января 2011 года) | B35: 010 | C35: 182 | D35: 10503010012100110 | E35: 0 | F35: 0 | I35: =F35 -> 0 | J35: =E35-F35 -> 0
A36: Налоги на имущество | B36: 010 | C36: 182 | D36: 10600000000000000 | E36: =E37+E40 -> 1211000 | F36: =F37+F40+F38+F39 -> 353119.16 | I36: =I37+I40+I38+I39 -> 353119.16 | J36: =E36-F36 -> 857880.84
A37: Налог на имущество физических лиц, взимаемый по ставкам, применяемым к объектам налогообложения, расположенным в границах сельских поселений | B37: 010 | C37: 182 | D37: 10601030100000110 | E37: 129000 | F37: 12590.67 | G37: 0 | H37: 0 | I37: =F37 -> 12590.67 | J37: =E37-F37 -> 116409.33
A38: Налог на имущество физических лиц, взимаемый по ставкам, применяемым к объектам налогообложения, расположенным в границах поселений | B38: 010 | C38: 182 | D38: 10601030101000110 | E38: 0 | F38: 0 | G38: 0 | H38: 0 | I38: =F38 -> 0 | J38: =E38-F38 -> 0
C39: 182 | D39: 10601030102100110 | E39: 0 | F39: 279.12 | I39: =F39 -> 279.12 | J39: =E39-F39 -> -279.12
A40: Земельный налог | B40: 010 | C40: 182 | D40: 10606000000000110 | E40: =E42+E41+E48 -> 1082000 | F40: =F42+F44+F41+F48 -> 340249.37 | G40: 7290.03 | H40: 7290.03 | I40: =F40 -> 340249.37 | J40: =E40-F40 -> 741750.63
A41: Земельный налог с организаций, обладающих земельным участком, расположенным в границах сельских поселений | B41: 010 | C41: 182 | D41: 10606033100000110 | E41: 692000 | F41: 316660.19 | I41: =F41 -> 316660.19 | J41: =E41-F41 -> 375339.81
A42: Земельный налог с физических лиц, обладающих земельным участком, расположенным в границах сельских поселений | B42: 010 | C42: 182 | D42: 10606043100000110 | E42: 390000 | F42: 23589.18 | G42: 0 | H42: 0 | I42: =F42 -> 23589.18 | J42: =E42-F42 -> 366410.82
A43: Пеня по Земельныому налогу, взимаемый по ставкам, установленным в соответствии с подпунктом 1 пункта 1 статьи 394 Налогового кодекса Российской Федерации и применяемым к объектам налогообложения, расположенным в границах поселений | B43: 010 | C43: 182 | D43: 10606013102000110 | E43: 0 | G43: 0 | H43: 0 | I43: =F43 -> 0 | J43: =E43-F43 -> 0
A44: Земельный налог, взимаемый по ставкам, установленным в соответствии с подпунктом 2 пункта 1 статьи 394 Налогового кодекса Российской Федерации и применяемым к объектам налогообложения, расположенным в границах поселений | B44: 010 | C44: 182 | D44: 10606023100000110 | G44: 253.8 | H44: 253.8 | I44: =F44 -> 0 | J44: =E44-F44 -> 0
A45: Пеня на Земельный налог, взимаемый по ставкам, установленным в соответствии с подпунктом 2 пункта 1 статьи 394 Налогового кодекса Российской Федерации и применяемым к объектам налогообложения, расположенным в границах поселений | B45: 010 | C45: 182 | D45: 10606023102000110 | E45: 0 | F45: 0 | I45: =F45 -> 0 | J45: =E45-F45 -> 0
A46: Государственная пошлина за совершение нотариальных действий должностными лицами органов местного самоуправления, уполномоченными в соответствии с законодательными актами РФ за совершение нотариальных действий | B46: 010 | C46: 182 | D46: 10804020010000110 | G46: 0 | H46: 0 | I46: =F46 -> 0 | J46: =E46-F46 -> 0
A47: Государственная пошлина за совершение нотариальных действий должностными лицамиорганами местного самоуправления | B47: 010 | C47: 864 | D47: 10804020010000110 | E47: 0 | F47: 0 | I47: =F47 -> 0 | J47: =E47-F47 -> 0
A48: Земельный налог ( ПО ОБЯЗАТЕЛЬСТВАМ ВОЗНИКШИМ до 1 января 2006г),мобилизуемый на территориях поселений | B48: 010 | C48: 182 10904053100000110 | E48: 0 | F48: 0 | G48: 10.41 | H48: 10.41 | I48: =F48 -> 0 | J48: =E48-F48 -> 0
A49: Доходы от использования имущества, находящегося в государственной и муниципальной собственности | C49: 864 | D49: 11100000000000000 | E49: =E50+E52 -> 135000 | F49: =F50+F52 -> 68281.26 | I49: =I50+I52+I51 -> 68281.26 | J49: =J50+J52 -> 66718.74
A50: Доходы, получаемые в виде арендной платы за земельные участки, государственная собственность на которые не разграничена и которые расположены в границах поселений, а также средства от продажи права на заключение договоров аренды указанных земельных участков | B50: 010 | C50: 851 | D50: 11105013100000120 | F50: 0 | I50: =F50 -> 0 | J50: =E50-F50 -> 0
A51: Доходы от продажи земельных участков, государственная собственность на которые не разграничена и которые расположены в границах межселенных территорий муниципальных районов | B51: 010 | C51: 851 | D51: 11406013100000430 | I51: =F51 -> 0
A52: Доходы от сдачи в аренду имущества,находящегося в оперативном управлении органов управления сельских поселений и созданных ими учреждений( за исключением имущества муниципальных автономных учреждений) | B52: 010 | C52: 864 | D52: 11105035100000120 | E52: 135000 | F52: 68281.26 | I52: =F52 -> 68281.26 | J52: =E52-F52 -> 66718.74
A53: Доходы от продажи материальных и нематериальных активов | B53: 010 | C53: 864 | D53: 11400000000000000 | E53: =E54 -> 0 | F53: =F54 -> 0 | I53: =I54 -> 0 | J53: =E53-F53 -> 0
A54: Доходы от продажи земельных участков, находящихся в государственной и муниципальной собственности | B54: 010 | C54: 864 | D54: 1 14 06000 00 0000 430 | E54: =E55 -> 0 | F54: =F55 -> 0 | I54: =F54 -> 0 | J54: =E54-F54 -> 0
A55: Доходы от продажи земельных участков, государственная собственность на которые разграничена (за исключением земельных участков бюджетных и автономных учреждений) | B55: 010 | C55: 864 | D55: 1 14 06020 00 0000 430 | E55: =E56 -> 0 | F55: =F56 -> 0 | I55: =I56 -> 0 | J55: =E55-F55 -> 0
A56: Доходы от продажи земельных участков, находящихся в собственности сельских поселений (за исключением земельных участков муниципальных бюджетных и автономных учреждений) | B56: 010 | C56: 864 | D56: 1 14 06025 10 0000 430 | I56: =F56 -> 0 | J56: =E56-F56 -> 0
A57: Невыясненные | B57: 010 | C57: 864 | D57: 11701050100000180 | E57: 0 | F57: 0 | I57: =F57 -> 0 | J57: =E57-F57 -> 0
A58: Безвозмездные поступления | B58: 010 | C58: 864 | D58: 20000000000000000 | E58: =E73+E77+E59+E60 -> 2775844.7 | F58: =F59+F60+F69+F73+F68+F77 -> 829085.74 | G58: =G59+G60+G69+G73+G68+G77 -> 0 | H58: =H59+H60+H69+H73+H68+H77 -> 0 | I58: =I59+I60+I69+I73+I68+I77 -> 829085.74 | J58: =E58-F58 -> 1946759
A59: Дотации бюджетам сельских поселений на выравнивание бюджетной обеспеченности | B59: 010 | C59: 864 | D59: 20216001100000150 | E59: 361745 | F59: 180870 | G59: 0 | H59: 0 | I59: =F59 -> 180870 | J59: =E59-F59 -> 180875
A60: Дотации бюджетам сельских поселений на поддержку мер по обеспечению сбалансированности бюджетов | B60: 010 | C60: 864 | D60: 20215002100000150 | E60: 399288 | F60: 199644 | G60: 0 | H60: 0 | I60: =F60 -> 199644 | J60: =E60-F60 -> 199644
A61: Закупка автотранспортных средств и коммунальной техники | C61: 864 | D61: 20202102100000151 | I61: =F61 -> 0 | J61: =E61-F61 -> 0
A62: Прочие субсидии бюджетам поселений | B62: 010 | C62: 864 | D62: 20202999100000151 | E62: =E63+E64 -> 0 | F62: =F63+F64 -> 0 | G62: 0 | H62: 0 | I62: =F62 -> 0 | J62: =E62-F62 -> 0
A63: субсидия по финансированию разовой материальной помощи к отпуску работникам учреждений культуры | G63: 18000 | H63: 18000 | I63: =F63 -> 0 | J63: =E63-F63 -> 0
A64: субсидии на финансовое обеспечение передаваемых государственных полномочий Брянской области по финансовой поддержке организации бюджетного процесса в городских и сельских поселениях | G64: 85000 | H64: 85000 | I64: =F64 -> 0 | J64: =E64-F64 -> 0
A65: субсидии бюджетам поселений на финансирование расходных обязательств по уплате налогов в связи с отменой налоговых льгот по налогу на имущество организаций и транспортному для бюджетных организаций | G65: 27445 | H65: 27445 | I65: =F65 -> 0 | J65: =E65-F65 -> 0
A66: субсидия бюджетам МО на оказание мер поддержки по оплате труда работникам в бюджетной сфере | G66: 14208 | H66: 14208 | I66: =F66 -> 0 | J66: =E66-F66 -> 0
A67: субсидии бюджетам поселений на ЦП "Чистая вода на 2008-2011годы" | I67: =F67 -> 0 | J67: =E67-F67 -> 0
A68: Прочие дотации бюджетам поселений | B68: 010 | C68: 864 | D68: 20201999100000151 | I68: =F68 -> 0 | J68: =E68-F68 -> 0
A69: Прочие субсидии бюджетам поселений | B69: 010 | C69: 864 | D69: 20225299100000150 | E69: =E70+E71+E72 -> 0 | F69: =F70+F71+F72 -> 0 | G69: =G70+G71+G72 -> 0 | H69: =H70+H71+H72 -> 0 | I69: =I70+I71+I72 -> 0 | J69: =J70+J71 -> 0
A70: Субсидии бюджетам поселений на ремонт и содержание автомобильных дорог общего пользования местного значения поселений | E70: 0 | F70: 0 | I70: =F70 -> 0 | J70: =E70-F70 -> 0
A71: Субсидии бюджетам поселений на софинансирование расходных обязательств субъектов Российской Федерации, связанных с реализацией федеральной целевой программы "Увековечивание памяти погибших при защите Отечества на 2019-2024 годы" | B71: 010 | C71: 864 | D71: 20225299100000150 | E71: 0 | F71: 0 | I71: =F71 -> 0 | J71: =E71-F71 -> 0
A72: Субсидии по долгосрочной целевой программе "Жилище" (2011-2015годы)подпрограмма "Модернизация объектов коммунальной инфраструктуры" (2011-2015 годы) | E72: 0 | F72: 0 | I72: =F72 -> 0 | J72: =E72-F72 -> 0
A73: Субвенции бюджетам субъектов Российской Федерации и муниципальных образований | B73: 010 | C73: 864 | D73: 20203000000000150 | E73: =E74 -> 95096.72 | F73: =F74 -> 47548.36 | G73: =G74 -> 0 | H73: =H74 -> 0 | I73: =I74 -> 47548.36 | J73: =J74+J75+J79 -> 47548.36
A74: Субвенции бюджету сельских поселений на осуществление полномочий по первичному воинскому учету на территориях, где отсутствуют военные комиссариаты | B74: 010 | C74: 864 | D74: 20235118100000150 | E74: 95096.72 | F74: 47548.36 | G74: 0 | H74: 0 | I74: =F74 -> 47548.36 | J74: =E74-F74 -> 47548.36
A75: Субвенции бюджетам поселений на оплату жилья и коммунальных услуг отдельным категориям граждан. Работающих в сельской местности и посёлках городского типа на территориях Брянской области | B75: 010 | C75: 864 | E75: 0 | J75: =E75-F75 -> 0
A76: Межбюджетные трансферты, передаваемые бюджетам поселений на реализацию дополнительных мероприятий,направленных на снижение напряженности на рынке труда | B76: 010 | C76: 864 20204029100000151 | I76: =F76 -> 0 | J76: =E76-F76 -> 0
A77: Иные межбюджетные трансферты | B77: 010 | C77: 864 | D77: 20240000000000150 | E77: =E78 -> 1919715 | F77: =F78 -> 401023.38 | G77: =G78 -> 0 | H77: =H78 -> 0 | I77: =I78 -> 401023.38 | J77: =E77-F77 -> 1518691.6
A78: Межбюджетные трансферты,передаваемые бюджетам поселений,из бюджетов муниципальных районов, на осуществление части полномочий по решению вопросов местного тзначения в соответствии с заключенными соглашениями | B78: 010 | C78: 864 20240014100000150 | E78: 1919715 | F78: 401023.38 | I78: =F78 -> 401023.38 | J78: =E78-F78 -> 1518691.6
A79: Межбюджетные трансферты,передаваемые бюджетам поселений,на подключение общедоступных библиотек Российской Федерации к сети Интернет и развитие системы библиотечного дела с учётом задачи расширения информационных технологий и оцифровки | B79: 10 | D79: 20204041000000151(088) | I79: =F79 -> 0 | J79: =E79-F79 -> 0

Sheet 2. Расходы бюджета (2)
A1: 2. РАСХОДЫ БЮДЖЕТА
A3: Наименование показателя | B3: Код строки | C3: Код расхода по бюджетной классификации | H3: Утверждённые бюджетные назначения | I3: Лимиты бюджетных обязательств | J3: Исполнено | N3: Неисполненные назначения
J4: через финансовые органы | K4: через банковские счета | L4: некассовые операции | M4: итого | N4: по ассигнованиям | O4: по лимитам бюдженых обязательств
A5: 1 | B5: 2 | C5: 3 | H5: 4 | I5: 5 | J5: 6 | K5: 7 | L5: 8 | M5: 9 | N5: 10 | O5: 11
A6: Расходы бюджета - всего | B6: 200 | C6: 000 | D6: 0000 | E6: 0000000 | F6: 000 | G6: 000 | H6: =H7+H10+H36+H41+H43+H48+H56+H68+H82+H100+H110+H117+H165+H169+H98+H80 -> 5078259.6 | I6: =I7+I10+I36+I41+I43+I48+I56+I68+I82+I100+I110+I117+I165+I169+I98+I80 -> 5078259.6 | J6: =J7+J10+J36+J41+J48+J56+J68+J82+J100+J110+J117+J165+J169+J80+J98 -> 1657776.4 | K6: =K7+K10+K36+K41+K48+K56+K68+K82+K100+K110+K117+K165+K169 -> #REF! | L6: =L7+L10+L36+L41+L48+L56+L68+L82+L100+L110+L117+L165+L169 -> #REF! | M6: =M7+M10+M36+M41+M48+M56+M68+M82+M100+M110+M117+M165+M169+M80 -> 1657776.4 | N6: =N7+N10+N36+N41+N48+N56+N68+N82+N100+N110+N117+N165+N169+N43+N98 -> 3328723.2 | O6: =O7+O10+O36+O41+O48+O56+O68+O82+O100+O110+O117+O165+O169+O98 -> 3328723.2
A7: Функционирование высшего должностного лица субъекта Российской Федерации и муниципального образования | B7: 0102 | H7: =H8+H9 -> 0 | I7: =I8+I9 -> 0 | J7: =J8+J9 -> 0 | K7: =#REF!+#REF!+K15+K16+K17+K18+K19+K20+K21+K22+K23+K24+#REF!+K25+K26+K27+K8+K9 -> #REF! | L7: =#REF!+#REF!+L15+L16+L17+L18+L19+L20+L21+L22+L23+L24+#REF!+L25+L26+L27+L8+L9 -> #REF! | M7: =M8+M9 -> 0 | N7: =H7-J7 -> 0 | O7: =I7-J7 -> 0
A8: Заработная плата | B8: 200 | C8: 864 | D8: 0102 | E8: 6401180010 | F8: 121 | G8: 211 | H8: 0 | I8: =H8 -> 0 | J8: 0 | M8: =J8 -> 0 | N8: =H8-J8 -> 0 | O8: =I8-J8 -> 0
A9: Начисления на выплаты по оплате труда | B9: 200 | C9: 864 | D9: 0102 | E9: 6401180010 | F9: 129 | G9: 213 | H9: 0 | I9: 0 | J9: 0 | M9: =J9 -> 0 | N9: =H9-J9 -> 0 | O9: =I9-J9 -> 0
A10: Функционирование Правительства РФ, высших исполнительных органов гос. Власти субъектов РФ, местных администраций | B10: 0104 | H10: =H14+H15+H16+H17+H18+H19+H20+H21+H22+H23+H24+H35+H25+H30+H13+H33+H34+H11+H12 -> 2006677.8 | I10: =I14+I15+I16+I17+I18+I19+I20+I21+I22+I23+I24+I35+I25+I30+I13+I33+I34+I11+I12 -> 2006677.8 | J10: =J14+J15+J16+J17+J18+J19+J20+J21+J22+J23+J24+J35+J25+J30+J13+J33+J34+J11+J12 -> 853853.95 | K10: =K14+K15+K16+K17+K18+K19+K20+K21+K22+K23+K24+K35+K25+K30+K13+K33+K34+K11+K12 -> 0 | L10: =L14+L15+L16+L17+L18+L19+L20+L21+L22+L23+L24+L35+L25+L30+L13+L33+L34+L11+L12 -> 0 | M10: =M14+M15+M16+M17+M18+M19+M20+M21+M22+M23+M24+M35+M25+M30+M13+M33+M34+M11+M12 -> 853853.95 | N10: =N14+N15+N16+N17+N18+N19+N20+N21+N22+N23+N24+N35+N25+N30+N13+N33+N34+N11+N12 -> 1152823.9 | O10: =O14+O15+O16+O17+O18+O19+O20+O21+O22+O23+O24+O35+O25+O30+O13+O33+O34+O11+O12 -> 1152823.9 | R10: =H10-H34-H35+H56 -> 2089174.6
A11: Заработная плата | B11: 200 | C11: 864 | D11: 0104 | E11: 6440180020 | F11: 121 | G11: 211 | H11: 383300 | I11: =H11 -> 383300 | J11: 155299.56 | M11: =J11 -> 155299.56 | N11: =H11-J11 -> 228000.44 | O11: =I11-J11 -> 228000.44 | P11: =J11+J13+J57 -> 525670.91
A12: Начисления на выплаты по оплате труда | B12: 200 | C12: 864 | D12: 0104 | E12: 6440180020 | F12: 129 | G12: 213 | H12: 115800 | I12: =H12 -> 115800 | J12: 41902.51 | M12: =J12 -> 41902.51 | N12: =H12-J12 -> 73897.49 | O12: =I12-J12 -> 73897.49 | P12: =J12+J15+J58 -> 143119.19 | R12: =J10-J34-J35+J56 -> 885504.05
A13: Заработная плата | B13: 200 | C13: 864 | D13: 0104 | E13: 6440180040 | F13: 121 | G13: 211 | H13: 807500 | I13: =H13 -> 807500 | J13: 343791.87 | M13: =J13 -> 343791.87 | N13: =H13-J13 -> 463708.13 | O13: =I13-J13 -> 463708.13
A14: Прочие выплаты | B14: 200 | C14: 864 | D14: 0104 | E14: 6401180040 | F14: 122 | G14: 212 | H14: 0 | I14: =H14 -> 0 | J14: 0 | M14: =J14 -> 0 | N14: =H14-J14 -> 0 | O14: =I14-J14 -> 0
A15: Начисления на выплаты по оплате труда | B15: 200 | C15: 864 | D15: 0104 | E15: 6440180040 | F15: 129 | G15: 213 | H15: 243900 | I15: =H15 -> 243900 | J15: 93338.56 | M15: =J15 -> 93338.56 | N15: =H15-J15 -> 150561.44 | O15: =I15-J15 -> 150561.44 | P15: =H13+H15 -> 1051400
A16: Услуги связи | B16: 200 | C16: 864 | D16: 0104 | E16: 6440180040 | F16: 244 | G16: 221 | H16: 45248 | I16: =H16 -> 45248 | J16: 14533.69 | M16: =J16 -> 14533.69 | N16: =H16-J16 -> 30714.31 | O16: =I16-J16 -> 30714.31 | P16: =M16+M17+M19+M20+M22 -> 85936.15
A17: Коммунальные услуги | B17: 200 | C17: 864 | D17: 0104 | E17: 6440180040 | F17: 244 | G17: 223 | H17: 2800 | I17: =H17 -> 2800 | J17: 909.48 | M17: =J17 -> 909.48 | N17: =H17-J17 -> 1890.52 | O17: =I17-J17 -> 1890.52
A18: Коммунальные услуги | B18: 200 | C18: 864 | D18: 0104 | E18: 6440180040 | F18: 247 | G18: 223 | H18: 123400 | I18: =H18 -> 123400 | J18: 75986.85 | M18: =J18 -> 75986.85 | N18: =H18-J18 -> 47413.15 | O18: =I18-J18 -> 47413.15
A19: Работы, услуги по содержанию имущества | B19: 200 | C19: 864 | D19: 0104 | E19: 6440180040 | F19: 244 | G19: 225 | H19: 50000 | I19: =H19 -> 50000 | J19: 20818.98 | M19: =J19 -> 20818.98 | N19: =H19-J19 -> 29181.02 | O19: =I19-J19 -> 29181.02
A20: Прочие работы, услуги | B20: 200 | C20: 864 | D20: 0104 | E20: 6440180040 | F20: 244 | G20: 226 | H20: 25200 | I20: =H20 -> 25200 | J20: 18050 | M20: =J20 -> 18050 | N20: =H20-J20 -> 7150 | O20: =I20-J20 -> 7150
A21: Прочие работы, услуги | B21: 200 | C21: 864 | D21: 0104 | E21: 6440180040 | F21: 244 | G21: 227 | H21: 4000 | I21: =H21 -> 4000 | J21: 0 | M21: =J21 -> 0 | N21: =H21-J21 -> 4000 | O21: =I21-J21 -> 4000
A22: Увеличение стоимости материальных запасов | B22: 200 | C22: 864 | D22: 0104 | E22: 6440180040 | F22: 244 | G22: 343 | H22: 82400 | I22: =H22 -> 82400 | J22: 31624 | M22: =J22 -> 31624 | N22: =H22-J22 -> 50776 | O22: =I22-J22 -> 50776
A23: Увеличение стоимости материальных запасов | B23: 200 | C23: 864 | D23: 0104 | E23: 6440180040 | F23: 244 | G23: 346 | H23: 33189.84 | I23: =H23 -> 33189.84 | J23: 15000 | M23: =J23 -> 15000 | N23: =H23-J23 -> 18189.84 | O23: =I23-J23 -> 18189.84 | P23: =J16+J18+J20+J19+J21+J22+J23 -> 176013.52
A24: Увеличение стоимости основных средств | B24: 200 | C24: 864 | D24: 0104 | E24: 6440180040 | F24: 244 | G24: 310 | H24: 0 | I24: =H24 -> 0 | J24: 0 | M24: =J24 -> 0 | N24: =H24-J24 -> 0 | O24: =I24-J24 -> 0
A25: налог на имущество | B25: 200 | C25: 864 | D25: 0104 | E25: 6440180040 | F25: 851 | G25: 291 | H25: 75000 | I25: =H25 -> 75000 | J25: 38697 | M25: =J25 -> 38697 | N25: =H25-J25 -> 36303 | O25: =I25-J25 -> 36303
A26: Заработная плата | B26: 200 | C26: 864 | D26: 0104 | E26: 0020800 | F26: 500 | G26: 211 | I26: =H26 -> 0 | M26: =J26 -> 0 | N26: =H26-J26 -> 0 | O26: =I26-J26 -> 0
A27: Начисления на выплаты по оплате труда | B27: 200 | C27: 864 | D27: 0104 | E27: 0020800 | F27: 500 | G27: 213 | I27: =H27 -> 0 | M27: =J27 -> 0 | N27: =H27-J27 -> 0 | O27: =I27-J27 -> 0
A28: Обеспечение проведения выборов и референдумов | C28: 01 07 | I28: =H28 -> 0 | M28: =J28 -> 0 | N28: =H28-J28 -> 0 | O28: =I28-J28 -> 0
A29: Прочие расходы | B29: 200 | C29: 864 | D29: 0107 | E29: 0200002 | F29: 500 | G29: 290 | I29: =H29 -> 0 | M29: =J29 -> 0 | N29: =H29-J29 -> 0 | O29: =I29-J29 -> 0
A30: транспортный налог | B30: 200 | C30: 864 | D30: 0104 | E30: 6440180040 | F30: 852 | G30: 291 | H30: 840 | I30: =H30 -> 840 | J30: 840 | M30: =J30 -> 840 | N30: =H30-J30 -> 0 | O30: =I30-J30 -> 0
A31: Резервные фонды | C31: 01 11 | I31: =H31 -> 0 | K31: =K32 -> 0 | L31: =L32 -> 0 | M31: =J31 -> 0 | N31: =H31-J31 -> 0 | O31: =I31-J31 -> 0
A32: Прочие расходы | B32: 200 | C32: 864 | D32: 0111 | E32: 0700500 | F32: 013 | G32: 290 | I32: =H32 -> 0 | K32: 0 | L32: 0 | M32: =J32 -> 0 | N32: =H32-J32 -> 0 | O32: =I32-J32 -> 0
A33: прочий налог | B33: 200 | C33: 864 | D33: 0104 | E33: 6440180040 | F33: 853 | G33: 291 | H33: 1500 | I33: =H33 -> 1500 | J33: 253.95 | M33: =J33 -> 253.95 | N33: =H33-J33 -> 1246.05 | O33: =I33-J33 -> 1246.05 | P33: =H16+H18+H19+H20+H21+H22+H23 -> 363437.84
B34: 200 | C34: 864 | D34: 0104 | E34: 6440181410 | F34: 853 | G34: 297 | H34: 6000 | I34: =H34 -> 6000 | J34: 0 | M34: =J34 -> 0 | N34: =H34-J34 -> 6000 | O34: =I34-J34 -> 6000
A35: Прочие работы, услуги | B35: 200 | C35: 864 | D35: 0104 | E35: 6440180070 | F35: 244 | G35: 226 | H35: 6600 | I35: =H35 -> 6600 | J35: 2807.5 | M35: =J35 -> 2807.5 | N35: =H35-J35 -> 3792.5 | O35: =I35-J35 -> 3792.5
A36: Обеспечение деятельности финансовых,налоговых и таможенных органов и органов финансового (финансово-бюджетного)надзора | E36: 0106 | H36: =H37+H40 -> 3300 | I36: =I37+I40 -> 3300 | J36: =J37+J40 -> 0 | K36: =K37+K40 -> 0 | L36: =L37+L40 -> 0 | M36: =M37+M40 -> 0 | N36: =N37+N40 -> 3300 | O36: =O37+O40 -> 3300
A37: иные межбюджетные трансферты | B37: 200 | C37: 864 | D37: 0106 | E37: 6440184200 | F37: 540 | G37: 251 | H37: 3000 | I37: =H37 -> 3000 | J37: 0 | M37: =J37 -> 0 | N37: =H37-J37 -> 3000 | O37: =I37-J37 -> 3000
A38: Обеспечение проведения выборов и референдумов | E38: 0107 | H38: =H39 -> 0 | I38: =I39 -> 0 | J38: =J39 -> 0 | M38: =J38 -> 0 | N38: =H38-J38 -> 0 | O38: =I38-J38 -> 0
A39: специальные расходы | B39: 200 | C39: 864 | D39: 0107 | E39: 7001011 | F39: 880 | G39: 290 | H39: 0 | I39: =H39 -> 0 | M39: =J39 -> 0 | N39: =H39-J39 -> 0 | O39: =I39-J39 -> 0
C40: 864 | D40: 0106 | E40: 6440184400 | F40: 540 | G40: 251 | H40: 300 | I40: 300 | J40: 0 | M40: =J40 -> 0 | N40: =H40-J40 -> 300 | O40: =I40-M40 -> 300
A41: Обеспечение проведения выборов и реферндумов | E41: 0107 | H41: =H42 -> 0 | I41: =H41 -> 0 | J41: =J42 -> 0 | K41: =J41 -> 0 | L41: =K41 -> 0 | M41: =M42 -> 0 | N41: =N42 -> 0 | O41: =N41 -> 0
C42: 864 | D42: 0107 | E42: 7000080060 | F42: 880 | G42: 297 | H42: 0 | I42: =H42 -> 0 | J42: 0 | K42: =J42 -> 0 | L42: =K42 -> 0 | M42: =J42 -> 0 | N42: =H42-J42 -> 0 | O42: =N42 -> 0
A43: Резервный фонд | C43: 0111 | H43: =H44+H46 -> 0 | I43: =I44+I46 -> 0 | J43: =J44+J46+J47 -> 0 | K43: =K44+K45 -> 0 | L43: =L44+L45 -> 0 | M43: =J43 -> 0 | N43: =H43-J43 -> 0 | O43: =I43-J43 -> 0
A44: резервный фонд | B44: 200 | C44: 864 | D44: 0111 | E44: 7000083030 | F44: 870 | G44: 296 | H44: 0 | I44: =H44 -> 0 | J44: 0 | K44: 0 | L44: 0 | M44: =J44 -> 0 | N44: =H44-J44 -> 0 | O44: =I44-J44 -> 0
B45: 200 | C45: 864 | D45: 0113 | E45: 0900200 | F45: 500 | G45: 290 | H45: 0 | J45: 0 | K45: 0 | L45: 0 | M45: =J45 -> 0 | N45: =H45-J45 -> 0 | O45: =I45-J45 -> 0
B46: 200 | C46: 864 | D46: 0113 | E46: 5210603 | F46: 530 | G46: 251 | M46: =J46 -> 0 | N46: =H46-J46 -> 0 | O46: =I46-J46 -> 0
C47: 864 | D47: 0113 | E47: 5210605 | F47: 530 | G47: 251 | I47: =H47 -> 0 | M47: =J47 -> 0 | N47: =H47-J47 -> 0 | O47: =I47-J47 -> 0
A48: Другие общегосударственные вопросы | E48: 0113 | H48: =H49+H50+H53+H55+H54+H51+H52 -> 107690 | I48: =I49+I50+I53+I55+I54+I51+I52 -> 107690 | J48: =J49+J50+J53+J55+J54+J51 -> 48058 | K48: =K49+K50+K53+K55+K54 -> 0 | L48: =L49+L50+L53+L55+L54 -> 0 | M48: =M49+M50+M53+M55+M54+M51 -> 48058 | N48: =N49+N50+N53+N55+N54+N51 -> 9632 | O48: =O49+O50+O53+O55+O54+O51 -> 9632
A49: Прочие работы, услуги | B49: 200 | C49: 864 | D49: 0113 | E49: 6401110160 | F49: 244 | G49: 226 | H49: 0 | I49: =H49 -> 0 | J49: 0 | N49: =H49-J49 -> 0 | O49: =I49-J49 -> 0
A50: Перечисления другим бюджетам бюджетной системы Российской Федерации | B50: 200 | C50: 864 | D50: 0113 | E50: 6440184220 | F50: 540 | G50: 251 | H50: 500 | I50: 500 | J50: 0 | M50: =J50 -> 0 | N50: =H50-J50 -> 500 | O50: =I50-J50 -> 500
A51: Оценка имущества,признание прав и регулирование отношений муниципальной собст-ти | B51: 200 | C51: 864 | D51: 0113 | E51: 6440180900 | F51: 244 | G51: 226 | H51: 54000 | I51: =H51 -> 54000 | J51: 47000 | M51: =J51 -> 47000 | N51: =H51-J51 -> 7000 | O51: =I51-M51 -> 7000
A52: Уплата налогов, сборов и иных платежей | C52: 864 | D52: 0113 | E52: 6440180900 | F52: 853 | G52: 297 | H52: 50000 | I52: =H52 -> 50000
A53: Работы, услуги по содержанию имущества | B53: 200 | C53: 864 | D53: 0113 | E53: 6440180930 | F53: 244 | G53: 225 | H53: 0 | I53: =H53 -> 0 | J53: 0 | M53: =J53 -> 0 | N53: =H53-J53 -> 0 | O53: =I53-J53 -> 0
A54: Увеличение стоимости основных средств | B54: 200 | C54: 864 | D54: 0113 | E54: 6440180930 | F54: 244 | G54: 310
B55: 200 | C55: 864 | D55: 0113 | E55: 6440180930 | F55: 851 | G55: 291 | H55: 3190 | I55: =H55 -> 3190 | J55: 1058 | M55: =J55 -> 1058 | N55: =H55-J55 -> 2132 | O55: =I55-J55 -> 2132
A56: Мобилизационная и вневойсковая подготовка | C56: 02 03 | H56: =H57+H58+H64+H67 -> 95096.72 | I56: =H56 -> 95096.72 | J56: =J57+J58+J61+J62+J64+J59+J60+J63+J67 -> 34457.6 | K56: =K57+K58+K61+K62+K64 -> 0 | L56: =L57+L58+L61+L62+L64 -> 0 | M56: =J56 -> 34457.6 | N56: =H56-J56 -> 60639.12 | O56: =I56-J56 -> 60639.12
A57: Заработная плата | B57: 200 | C57: 864 | D57: 0203 | E57: 6440251180 | F57: 121 | G57: 211 | H57: 71270 | I57: =H57 -> 71270 | J57: 26579.48 | M57: =J57 -> 26579.48 | N57: =H57-J57 -> 44690.52 | O57: =I57-J57 -> 44690.52
A58: Начисления на выплаты по оплате труда | B58: 200 | C58: 864 | D58: 0203 | E58: 6440251180 | F58: 129 | G58: 213 | H58: 21530 | I58: =H58 -> 21530 | J58: 7878.12 | M58: =J58 -> 7878.12 | N58: =H58-J58 -> 13651.88 | O58: =I58-J58 -> 13651.88
A59: Услуги связи | B59: 200 | C59: 864 | D59: 0203 | E59: 6401251180 | F59: 244 | G59: 221 | I59: =H59 -> 0 | M59: =J59 -> 0 | N59: =H59-J59 -> 0 | O59: =I59-J59 -> 0
A60: Коммунальные услуги | B60: 200 | C60: 864 | D60: 0203 | E60: 6401251180 | F60: 240 | G60: 223 | I60: =H60 -> 0 | M60: 0 | N60: =H60-J60 -> 0 | O60: =I60-J60 -> 0
A61: Работы, услуги по содержанию имущества | B61: 200 | C61: 864 | D61: 0203 | E61: 6401251180 | F61: 500 | G61: 225 | I61: =H61 -> 0 | N61: =H61-J61 -> 0 | O61: =I61-J61 -> 0
A62: Прочие работы, услуги | B62: 200 | C62: 864 | D62: 0203 | E62: 6401251180 | F62: 500 | G62: 226 | I62: =H62 -> 0 | N62: =H62-J62 -> 0 | O62: =I62-J62 -> 0
A63: Прочие работы, услуги | B63: 200 | C63: 864 | D63: 0203 | E63: 6401251180 | F63: 244 | G63: 310 | I63: =H63 -> 0 | M63: =J63 -> 0 | N63: =H63-J63 -> 0 | O63: =I63-J63 -> 0
A64: Увеличение стоимости материальных запасов | B64: 200 | C64: 864 | D64: 0203 | E64: 6440251180 | F64: 244 | G64: 346 | H64: 2296.72 | I64: =H64 -> 2296.72 | J64: 0 | M64: =J64 -> 0 | N64: =H64-J64 -> 2296.72 | O64: =I64-J64 -> 2296.72
A65: Защита населения и территории от чрезвычайных ситуаций природного и техногенного характера, гражданская оборона | B65: 201 | E65: 0309 | I65: =H65 -> 0 | M65: =J65 -> 0 | N65: =N66 -> 0 | O65: =I65-J65 -> 0
A66: Перечисления другим бюджетам бюджетной системы Российской Федерации | B66: 202 | C66: 864 | D66: 0309 | E66: 6402746 | F66: 540 | G66: 251 | I66: =H66 -> 0 | M66: =J66 -> 0 | N66: =H66-J66 -> 0 | O66: =I66-J66 -> 0
B67: 200 | C67: 864 | D67: 0203 | E67: 6440251180 | F67: 244 | G67: 310 | H67: 0 | I67: =H67 -> 0 | J67: 0 | M67: =J67 -> 0 | N67: =H67-J67 -> 0 | O67: =I67-J67 -> 0
A68: Мероприятия по обеспечении пожарной безопастности | C68: 03 10 | H68: =H69+H71+H73+H74+H75+H77+H76 -> 348600 | I68: =H68 -> 348600 | J68: =J69+J71+J73+J74+J75+J77+J76 -> 135041.59 | K68: =K69+K71+K73+K74+K75+K77+K76 -> 0 | L68: =L69+L71+L73+L74+L75+L77+L76 -> 0 | M68: =M69+M71+M73+M74+M75+M77+M76 -> 135041.59 | N68: =H68-J68 -> 213558.41 | O68: =I68-J68 -> 213558.41
A69: Расходы на выплаты персоналу в сфере национальной безопасности, правоохранительной деятельности и обороны | B69: 200 | C69: 864 | D69: 0310 | E69: 6440381140 | F69: 111 | G69: 211 | H69: 131900 | I69: =H69 -> 131900 | J69: 55110.27 | M69: =J69 -> 55110.27 | N69: =I69-M69 -> 76789.73 | O69: =N69 -> 76789.73
B70: 200 | C70: 864 | D70: 0310 | E70: 6401311290 | F70: 121 | G70: 211 | I70: =H70 -> 0 | M70: 0 | N70: =I70-M70 -> 0 | O70: =N70 -> 0
A71: Начисления на выплаты по оплате труда | B71: 200 | C71: 864 | D71: 0310 | E71: 6440381140 | F71: 119 | G71: 213 | H71: 39700 | I71: =H71 -> 39700 | J71: 15737.32 | M71: =J71 -> 15737.32 | N71: =I71-M71 -> 23962.68 | O71: =N71 -> 23962.68
A72: Коммунальные услуги | B72: 200 | C72: 864 | D72: 0310 | E72: 6401381140 | F72: 240 | G72: 223 | I72: =H72 -> 0 | M72: =J72 -> 0 | N72: =H72-J72 -> 0 | O72: =I72-J72 -> 0
A73: Работы, услуги по содержанию имущества | B73: 200 | C73: 864 | D73: 0310 | E73: 6440381140 | F73: 244 | G73: 225 | H73: 50000 | I73: =H73 -> 50000 | J73: 0 | M73: =J73 -> 0 | N73: =H73-J73 -> 50000 | O73: =I73-J73 -> 50000
A74: Увеличение стоимости основных средств | B74: 200 | C74: 864 | D74: 0310 | E74: 6440381140 | F74: 244 | G74: 343 | H74: 15000 | I74: =H74 -> 15000 | J74: 8194 | M74: =J74 -> 8194 | N74: =H74-J74 -> 6806 | O74: =I74-J74 -> 6806
A75: Увеличение стоимости материальных запасов | B75: 200 | C75: 864 | D75: 0310 | E75: 6440381140 | F75: 244 | G75: 346 | H75: 0 | I75: =H75 -> 0 | J75: 0 | M75: =J75 -> 0 | N75: =H75-J75 -> 0 | O75: =I75-J75 -> 0
A76: Безвозмездные перечисления государственным и муниципальным организациям | B76: 200 | C76: 864 | D76: 0310 | E76: 6440381140 | F76: 631 | G76: 246 | H76: 112000 | I76: =H76 -> 112000 | J76: 56000 | M76: =J76 -> 56000 | N76: =H76-J76 -> 56000 | O76: =I76-J76 -> 56000
A77: Уплата иных платежей | B77: 200 | C77: 864 | D77: 0310 | E77: 6440381140 | F77: 853 | G77: 297 | H77: 0 | I77: =H77 -> 0 | J77: 0 | M77: =J77 -> 0 | N77: =H77-J77 -> 0 | O77: =I77-J77 -> 0
E78: 04 06 | H78: =H79 -> 0 | I78: =H78 -> 0 | J78: =J79 -> 0 | M78: =J78 -> 0 | N78: =H78-J78 -> 0 | O78: =I78-J78 -> 0
B79: 200 | C79: 864 | D79: 0406 | E79: 6401983300 | F79: 244 | G79: 226 | I79: =H79 -> 0 | J79: 0 | M79: 0 | N79: =H79-J79 -> 0 | O79: =I79-J79 -> 0
A80: Водное хозяйство | E80: 0406 | H80: =H81 -> 41760 | I80: =I81 -> 41760 | J80: =J81 -> 0 | M80: =M81 -> 0
A81: Содержание, текущий и капитальный ремонт и обеспечение безопасности гидротехнических сооружений | B81: 200 | C81: 864 | D81: 0406 | E81: 6440983300 | F81: 244 | G81: 227 | H81: 41760 | I81: =H81 -> 41760 | J81: 0 | M81: =J81 -> 0
A82: Дорожное хозяйство | E82: 04 09 | H82: =H87+H89+H88 -> 1908825 | I82: =I87+I89+I88 -> 1908825 | J82: =J87+J89+J88 -> 396485.88 | M82: =J82 -> 396485.88 | N82: =H82-J82 -> 1512339.1 | O82: =I82-J82 -> 1512339.1
A83: обеспечение сохранности автомобильных дорог местного значения и условий безопасности движения по ним | B83: 200 | C83: 864 | D83: 0409 | E83: 6407211 | F83: 851 | G83: 290 | M83: =J83 -> 0 | N83: =I83-J83 -> 0 | O83: =I83-J83 -> 0
A84: содержание автомобильных дорог за счет средств областного бюджета | B84: 200 | C84: 864 0409 315 01 10 240 225 | I84: =H84 -> 0 | N84: =I84-J84 -> 0 | O84: =I84-J84 -> 0
B85: 200 | C85: 864 0409 315 01 80 240 225 | I85: =H85 -> 0 | M85: =J85 -> 0 | N85: =I85-J85 -> 0 | O85: =I85-J85 -> 0
A86: содержание автомобильных дорог за счет средств бюджета поселения | B86: 200 | C86: 864 0409 315 01 90 240 225 | I86: =H86 -> 0 | M86: =J86 -> 0 | N86: =I86-J86 -> 0 | O86: =I86-J86 -> 0
B87: 200 | C87: 864 | D87: 0409 | E87: 6440483740 | F87: 244 | G87: 225 | H87: 1902825 | I87: =H87 -> 1902825 | J87: 394355.88 | M87: =J87 -> 394355.88 | N87: =H87-J87 -> 1508469.1 | O87: =I87-J87 -> 1508469.1
B88: 200 | C88: 864 | D88: 0409 | E88: 6401483740 | F88: 244 | G88: 226 | I88: =H88 -> 0 | M88: =J88 -> 0 | N88: =H88-J88 -> 0 | O88: =I88-J88 -> 0
B89: 200 | C89: 864 | D89: 0409 | E89: 6440483740 | F89: 851 | G89: 291 | H89: 6000 | I89: =H89 -> 6000 | J89: 2130 | M89: =J89 -> 2130 | N89: =H89-J89 -> 3870 | O89: =I89-J89 -> 3870
A90: Другие вопросы в области национальной экономики | E90: 04 12 | H90: =H91+H92 -> 0 | I90: =H90 -> 0 | J90: =J92+J91 -> 0 | M90: =J90 -> 0 | N90: =H90-J90 -> 0 | O90: =I90-J90 -> 0
B91: 200 | C91: 864 | D91: 0412 | E91: 3382000 | F91: 240 | G91: 226 | I91: =H91 -> 0 | M91: =J91 -> 0 | N91: =H91-J91 -> 0 | O91: =I91-J91 -> 0
A92: Перечисления другим бюджетам бюджетной системы Российской Федерации | B92: 200 | C92: 864 | D92: 0412 | E92: 6402746 | F92: 540 | G92: 251 | H92: 0 | I92: =H92 -> 0 | M92: =J92 -> 0 | N92: =H92-J92 -> 0 | O92: =I92-J92 -> 0
A93: Прочие работы, услуги | C93: 864 | D93: 0502 | E93: 7950100 | F93: 006 | G93: 226 | H93: 0 | I93: =H93 -> 0 | J93: 0 | M93: =J93 -> 0 | N93: =H93-J93 -> 0 | O93: =I93-J93 -> 0
A94: Прочие работы, услуги | C94: 864 | D94: 0502 | E94: 7950100 | F94: 500 | G94: 226 | I94: =H94 -> 0 | M94: =J94 -> 0 | N94: =H94-J94 -> 0 | O94: =I94-J94 -> 0
A95: Увеличение стоимости основных средств | C95: 864 | D95: 0502 | E95: 7950200 | F95: 003 | G95: 310 | I95: =H95 -> 0 | J95: 0 | M95: =J95 -> 0 | N95: =H95-J95 -> 0 | O95: =I95-J95 -> 0
C96: 864 | D96: 0502 | E96: 3400702 | F96: 003 | G96: 310 | I96: =H96 -> 0 | M96: =J96 -> 0 | N96: =H96-J96 -> 0 | O96: =I96-J96 -> 0
A97: Работы, услуги по содержанию имущества | C97: 864 | D97: 0502 | E97: 7950200 | F97: 500 | G97: 225 | I97: =H97 -> 0 | M97: =J97 -> 0 | N97: =H97-J97 -> 0 | O97: =I97-J97 -> 0
A98: Градостроение | E98: 0412 | H98: =H99 -> 0 | I98: =I99 -> 0 | J98: 0 | M98: =M99 -> 0 | N98: =N99 -> 0 | O98: =O99 -> 0
B99: 200 | C99: 864 | D99: 0412 | E99: 6440183750 | F99: 244 | G99: 226 | H99: 0 | I99: 0 | J99: 0 | M99: =J99 -> 0 | N99: =H99-J99 -> 0 | O99: =I99-J99 -> 0
A100: Жилищное хозяйство | E100: 0501 | H100: =H101+H108+H109 -> 10890 | I100: =I101+I108+I109 -> 10890 | J100: =J101+J108+J109 -> 4537.5 | K100: =K101+K108+K109 -> 0 | L100: =L101+L108+L109 -> 0 | M100: =M101+M108+M109 -> 4537.5 | N100: =N101+N108+N109 -> 6352.5 | O100: =O101+O108+O109 -> 6352.5
A101: Работы, услуги по содержанию имущества | B101: 200 | C101: 864 0501 6401571060 244 225 | I101: =H101 -> 0 | M101: =J101 -> 0 | N101: =H101-J101 -> 0 | O101: =I101-J101 -> 0
...

Sheet 3. Источники финансирования (3)
A1: 3. ИСТОЧНИКИ ФИНАНСИРОВАНИЯ ДЕФИЦИТА БЮДЖЕТА
A3: Наименование показателя | B3: Код строки | C3: Код источника финансирования по бюджетной классификации | E3: Утверждённые бюджетные назначения | F3: Исполнено | J3: Неисполненные назначения
F4: через финансовые органы | G4: через банковские счета | H4: некассовые операции | I4: итого
A5: 1 | B5: 2 | C5: 3 | E5: 4 | F5: 5 | G5: 6 | H5: 7 | I5: 8 | J5: 9
A6: Источники финансирования дефицита - всего | B6: 500 | C6: 000 | D6: 90000000000000000 | E6: 0 | F6: =F14 -> 373723.36 | G6: 0 | H6: 0 | I6: 0 | J6: 0
A7: в том числе источники внутреннего финансирования бюджета | B7: 520 | C7: 000 | D7: 50000000000000000 | E7: 0 | G7: 0 | H7: 0 | I7: 0 | J7: 0
A8: источники внешнего финансирования бюджета | B8: 620 | C8: 000 | D8: 70000000000000000 | E8: 0 | F8: 0 | G8: 0 | H8: 0 | I8: 0 | J8: 0
A9: Изменения остатков средств | B9: 700 | C9: 000 | D9: 08000000000000000 | E9: 0 | G9: 0 | H9: 0
A10: Поступления денежных средств | B10: 710 | C10: 000 | D10: 00000000000000000 | E10: 0 | G10: 0 | H10: 0
A11: Увеличение прочих остатков денежных средств бюджетов муниципальных образований | B11: 710 | C11: 864 | D11: 01050201100000510 | E11: 0 | G11: 0 | H11: 0
A12: Выбытие денежных средств | B12: 720 | C12: 000 | D12: 00000000000000000 | E12: 0 | F12: 0 | G12: 0 | H12: 0 | I12: 0 | J12: 0
A13: Изменение остатков в расчетах (стр.810 + 820) | B13: 800 | C13: 000 | D13: 00000000000000000 | E13: 0 | F13: 0 | G13: 0 | H13: 0 | I13: 0 | J13: 0
A14: Изменение остатков в расчетах с органами, организующими исполнение бюджетов (стр.811 + 812) | B14: 810 | C14: 000 | D14: 00000000000000000 | E14: 0 | F14: =F15+F16 -> 373723.36 | G14: 0 | H14: 0 | I14: 0 | J14: 0
A15: увеличение счетов расчетов (дебетовый остаток счета 21002000) | B15: 811 | C15: 000 | D15: 00000000000000000 | E15: =-'1. Доходы бюджета (1)'!E16 -> -4163844.7 | F15: =-'1. Доходы бюджета (1)'!F16 -> -1284053.1 | G15: 0 | H15: 0 | I15: 0 | J15: 0
A16: уменьшение счетов расчетов (кредитовый остаток счета 30405000) | B16: 812 | C16: 000 | D16: 00000000000000000 | E16: ='2. Расходы бюджета (2)'!H6 -> 5078259.6 | F16: ='2. Расходы бюджета (2)'!J6 -> 1657776.4 | G16: 0 | H16: 0 | I16: 0 | J16: 0
A17: Изменение остатков во внутренних расчетах (стр.821 + 822) | B17: 820 | C17: 000 | D17: 00000000000000000 | E17: 0 | F17: 0 | G17: 0 | H17: 0 | I17: 0 | J17: 0
A18: увеличение остатков во внутренних расчетах (кредит счета 130404000) | B18: 821 | C18: 000 | D18: 00000000000000000 | E18: 0 | F18: 0 | G18: 0 | H18: 0 | I18: 0 | J18: 0
A19: уменьшение остатков во внутренних расчетах (дебет счета 130404000) | B19: 822 | C19: 000 | D19: 00000000000000000 | E19: 0 | F19: 0 | G19: 0 | H19: 0 | I19: 0 | J19: 0
A20: Должность 1 ________________Глава администрации: | D20: Поляков М.И.
A22: Должность 2_________________Главный бухгалтер: | D22: Ляхова Н.В.
